 Dungeon Crawl Stone Soup version 0.28.0-53-g5a82cb258f (webtiles) character file.

Game seed: 9057947476689248389

162 Plasmagod the Grasshopper (level 5, -1/43 HPs)
             Began as a Gnoll Warper on July 21, 2022.
             Slain by an orc priest
             ... wielding a +0 club
              (4 damage)
             ... on level 3 of the Dungeon.
             The game lasted 00:05:55 (3567 turns).

Plasmagod the Grasshopper (Gnoll Warper)            Turns: 3567, Time: 00:05:55

Health: -1/43      AC:  3    Str: 12    XL:     5   Next: 43%
Magic:  8/12       EV: 13    Int: 12    God:
Gold:   98         SH:  0    Dex: 12    Spells: 11/14 levels left

rFire   . . .      SeeInvis .   e - +2 mace (vorpal)
rCold   . . .      Faith    .   (no shield)
rNeg    . . .      Spirit   .   b - +0 leather armour
rPois   .          Reflect  .   (no helmet)
rElec   .          Harm     .   (no cloak)
rCorr   .          Rampage  .   (no gloves)
Will    .....                   (no boots)
Stlth   +.........              (no amulet)
HPRegen 0.14/turn               (no ring)
MPRegen 0.13/turn               (no ring)

@: no status effects
A: fangs 1, strong nose, distributed training
a: no special abilities


You were on level 3 of the Dungeon.
You visited 1 branch of the dungeon, and saw 3 of its levels.

You collected 98 gold pieces.

Inventory:

Hand Weapons
 a - a +0 short sword
 e - a +2 vorpal mace (weapon)
Missiles
 d - 5 boomerangs of dispersal
Armour
 b - a +0 leather armour (worn)
Magical Staves
 i - a staff of fire
Scrolls
 c - a scroll of blinking
 f - 4 scrolls of identify
 k - 2 scrolls of holy word
Potions
 g - 2 potions of mutation
 h - a potion of heal wounds {unknown}
 j - 2 potions of lignification {unknown}


   Skills:
 + Level 4.8 Fighting
 + Level 4.8 Short Blades
 + Level 1.5 Long Blades
 + Level 1.5 Axes
 + Level 1.5 Maces & Flails
 + Level 1.5 Polearms
 + Level 1.5 Staves
 + Level 1.5 Slings
 + Level 1.5 Bows
 + Level 1.5 Crossbows
 + Level 3.0 Throwing
 + Level 3.0 Armour
 + Level 4.8 Dodging
 + Level 1.5 Stealth
 + Level 1.5 Shields
 + Level 1.5 Unarmed Combat
 + Level 5.2 Spellcasting
 + Level 1.2 Conjurations
 + Level 1.2 Hexes
 + Level 1.2 Summonings
 + Level 1.2 Necromancy
 + Level 5.5 Translocations
 + Level 1.2 Transmutations
 + Level 1.2 Fire Magic
 + Level 1.2 Ice Magic
 + Level 1.2 Air Magic
 + Level 1.2 Earth Magic
 + Level 1.2 Poison Magic
 + Level 1.7 Invocations
 + Level 1.5 Evocations


You had 11 spell levels left.
You knew the following spells:

 Your Spells              Type           Power      Damage    Failure   Level
a - Blink                 Tloc           32%        N/A       3%          2
b - Shock                 Conj/Air       24%        1d4       16%         1

Your spell library contained the following spells:

 Spells                   Type           Power      Damage    Failure   Level
 Gell's Gravitas          Tloc           16%        N/A       8%          3
 Lesser Beckoning         Tloc           16%        N/A       8%          3
 Teleport Other           Tloc           16%        N/A       8%          3
 Conjure Flame            Conj/Fire      6%         6-21      41%         3
 Ignite Poison            Fire/Tmut/Pois 6%         N/A       41%         3
 Swiftness                Air            6%         N/A       41%         3
 Manifold Assault         Tloc           16%        N/A       56%         5
 Airstrike                Air            3%         N/A       83%         4
 Sticky Flame             Conj/Fire      6%         2d3       83%         4
 Freezing Cloud           Conj/Ice/Air   3%         6-21      99%         5
 Simulacrum               Ice/Necr       3%         N/A       100%        6
 Polar Vortex             Ice            3%         N/A       100%        9


Dungeon Overview and Level Annotations

Branches:
Dungeon (3/15)

Altars:


Innate Abilities, Weirdness & Mutations

You have very sharp teeth.
Your uncanny sense of smell can sniff out nearby items.
Your experience applies equally to all skills.


Message History

Press: ? - help, Q - select action, (/) - cycle Shift-Dir - straight line, f/p - orc priest
Aim: an orc priest, wielding a +0 club and wearing a +0 leather armour (moderately wounded, 64% to hit)
The zap misses the orc.
The zap misses the orc priest.
Aiming: Shock (safe; 16% risk of failure)
Press: ? - help, Q - select action, (/) - cycle Shift-Dir - straight line, f/p - orc priest
Aim: an orc priest, wielding a +0 club and wearing a +0 leather armour (moderately wounded, 64% to hit)
The zap hits the orc.
The orc is moderately wounded.
The zap hits the orc priest but does no damage.
The orc priest is moderately wounded.
The orc priest miscasts a cantrip.
Aiming: Shock (safe; 16% risk of failure)
Press: ? - help, Q - select action, (/) - cycle Shift-Dir - straight line, f/p - orc priest
Aim: an orc priest, wielding a +0 club and wearing a +0 leather armour (moderately wounded, 64% to hit)
The zap hits the orc.
You kill the orc!
The zap hits the orc priest.
The orc priest is lightly wounded.
The zap hits the orc priest.
The orc priest is moderately wounded.
The orc priest looks satisfied for a moment.
The orc priest calls upon Beogh to heal the orc priest.
The orc priest's wounds heal themselves!
You closely miss the orc priest.
You bite the orc priest, but do no damage.
The orc priest closely misses you.
You sock the orc priest!
The orc priest is severely wounded.
The orc priest invokes the aid of Beogh against you.
Beogh smites you! The orc priest misses you.
You are too injured to fight recklessly!
You hit the orc priest.
You kill the orc priest!
The orc priest mumbles some strange prayers to Beogh against you.
Beogh smites you!
* * * LOW HITPOINT WARNING * * *
Your Throwing skill increases to level 3!
Your Armour skill increases to level 3!
The orc priest hits you with a +0 club.
You die...

♣......#.####
≈≈....##.# ...
♣#.......# #..
####.##### #.# #.#
#.# ##+## ...
##...## #.#
##.....## ###o#
#.......## ##.#@#
.........####..).#
...<.....+.......#
.........####....#
#.......## ##.#.#
##.....## ###.#
##...## #.# ##+##
#.# #.# #.#


You could see an orc priest.

Vanquished Creatures
  An orc priest (D:3)
  An orc wizard (D:3)
  4 adders (D:2)
  2 worms
  4 dart slugs
  6 orcs (D:3)
  6 ball pythons
  2 endoplasms
  A giant cockroach (D:2)
  6 hobgoblins
  4 quokkas (D:1)
  2 bats
  6 frilled lizards
  4 goblins
  5 kobolds
  3 rats
57 creatures vanquished.

Vanquished Creatures (others)
  3 plants (D:3)
3 creatures vanquished.

Grand Total: 60 creatures vanquished

Notes
Turn   | Place    | Note
-------+----------+-------------------------------------------
     0 | D:1      | Plasmagod the Gnoll Warper began the quest for the Orb.
     0 | D:1      | Reached XP level 1. HP: 20/20 MP: 6/6
   160 | D:1      | Reached XP level 2. HP: 26/26 MP: 7/7
   215 | D:1      | Learned a level 2 spell: Blink
   235 | D:1      | You fall into a shaft and drop 1 floor!
   358 | D:2      | Reached skill level 5 in Spellcasting
   358 | D:2      | Reached XP level 3. HP: 13/31 MP: 7/9
   389 | D:1      | HP: 1/31 [kobold/+0 dagger (3)]
   744 | D:1      | Reached skill level 1 in Invocations
  1073 | D:1      | Found a faded altar of an unknown god.
  1245 | D:1      | Reached skill level 1 in Long Blades
  1245 | D:1      | Reached skill level 1 in Axes
  1245 | D:1      | Reached skill level 1 in Maces & Flails
  1245 | D:1      | Reached skill level 1 in Polearms
  1245 | D:1      | Reached skill level 1 in Staves
  1245 | D:1      | Reached skill level 1 in Slings
  1245 | D:1      | Reached skill level 1 in Bows
  1245 | D:1      | Reached skill level 1 in Crossbows
  1245 | D:1      | Reached skill level 1 in Stealth
  1245 | D:1      | Reached skill level 1 in Shields
  1245 | D:1      | Reached skill level 1 in Unarmed Combat
  1245 | D:1      | Reached skill level 1 in Evocations
  1843 | D:2      | Reached XP level 4. HP: 35/38 MP: 11/11
  2728 | D:3      | Reached skill level 1 in Conjurations
  2728 | D:3      | Reached skill level 1 in Hexes
  2728 | D:3      | Reached skill level 1 in Summonings
  2728 | D:3      | Reached skill level 1 in Necromancy
  2728 | D:3      | Reached skill level 1 in Transmutations
  2728 | D:3      | Reached skill level 1 in Fire Magic
  2728 | D:3      | Reached skill level 1 in Ice Magic
  2728 | D:3      | Reached skill level 1 in Air Magic
  2728 | D:3      | Reached skill level 1 in Earth Magic
  2728 | D:3      | Reached skill level 1 in Poison Magic
  2858 | D:3      | Reached XP level 5. HP: 13/43 MP: 12/12
  3121 | D:3      | Learned a level 1 spell: Shock
  3567 | D:3      | Slain by an orc priest

Illustrated notes

Levels and vault maps discovered:
D:1:      lightli_arrival_chessboard, layout_basic,
          chequers_ecumenical_altar_twisty
D:2:      layout_basic
D:3:      layout_loops_corners, serial_bayou_lagoon_b

Skill      XL: |  1  2  3  4  5 |
---------------+----------------+-----
Spellcasting   | 5 |  5.2
Invocations    | 1 |  1.7
Long Blades    | 1 |  1.5
Axes           | 1 |  1.5
Maces & Flails | 1 |  1.5
Polearms       | 1 |  1.5
Staves         | 1 |  1.5
Slings         | 1 |  1.5
Bows           | 1 |  1.5
Crossbows      | 1 |  1.5
Stealth        | 1 |  1.5
Shields        | 1 |  1.5
Unarmed Combat | 1 |  1.5
Evocations     | 1 |  1.5
Conjurations   | 1 |  1.2
Hexes          | 1 |  1.2
Summonings     | 1 |  1.2
Necromancy     | 1 |  1.2
Transmutations | 1 |  1.2
Fire Magic     | 1 |  1.2
Ice Magic      | 1 |  1.2
Air Magic      | 1 |  1.2
Earth Magic    | 1 |  1.2
Poison Magic   | 1 |  1.2
Throwing       | 3 |  3.0
Armour         | 3 |  3.0
Fighting       | |  4.8
Short Blades   | |  4.8
Dodging        | |  4.8
Translocations | |  5.5

Action                   |  1- 3 |  4- 6 || total
-------------------------+-------+-------++-------
Melee: Mace              |    79 |    57 ||   136
       Short sword       |     4 |       ||     4
       Bite              |     3 |     7 ||    10
 Cast: Blink             |     1 |       ||     1
       Shock             |       |    11 ||    11
  Use: Scroll            |     3 |     1 ||     4
Armor: Leather armour    |    19 |     9 ||    28
Dodge: Dodged            |    69 |    33 ||   102
